 Dungeon Crawl Stone Soup version 0.31-a0-986-g5e6e4ef867 (webtiles) character file.

Game seed: 14263391035227106255

122 lunkers the Insei (level 5, 0/30 HPs)
             Began as a Meteoran Shapeshifter on Nov 16, 2023.
             Slain by an adder (3 damage)
             ... on level 4 of the Dungeon.
             The game lasted 00:04:21 (1129 turns).

lunkers the Insei (Meteoran Shapeshifter)           Turns: 1129, Time: 00:04:21

Health: 0/30       AC:  6    Str: 21    XL:     5   Next: 53%
Magic:  6/6        EV: 12    Int: 12    God:
Gold:   147        SH:  0    Dex: 15    Spells: 4/4 levels left

rFire   . .          .
                       - Unarmed
rCold   . . .        (shield currently unavailable)
rNeg    . . .        a - +0 animal skin
rPois   .            (no helmet)
rElec   .            b - +0 cloak
rCorr   .            (no gloves)
SInv    .            f - +2 pair of boots
Will    +....        (no amulet)
Stlth   +            j - ring of willpower
HPRegen 0.25/turn    l - +6 ring of strength
MPRegen 0.10/turn

%: no passive effects
@: flux-form, glowing
A: glow, contaminating, reduced hp, sense surroundings 1, otherworldly, glowing,
explore regen
a: Begin Untransformation


You were on level 4 of the Dungeon.
You were something dangerously unstable.
You visited 1 branch of the dungeon, and saw 4 of its levels.

You collected 147 gold pieces.

Inventory:

Armour
 a - a +0 animal skin (worn)
 b - a +0 cloak (worn)
 f - a +2 pair of boots (worn)
Jewellery
 j - a ring of willpower (left hand)
 l - a +6 ring of strength (right hand)
Talismans
 c - a beast talisman
 d - a flux talisman (active)
Scrolls
 h - 2 scrolls of identify
 k - a scroll of revelation {unknown}
 m - a scroll of silence {unknown}
Potions
 e - 2 potions of heal wounds {unknown}
 g - a potion of resistance
 i - a potion of curing


   Skills:
 - Level 1.1 Fighting
 - Level 2.1 Dodging
 * Level 5.8 Unarmed Combat
 + Level 4.7 Shapeshifting


You had 4 spell levels left.
You didn't know any spells.
Your spell library was empty.

Dungeon Overview and Level Annotations

Branches:
Dungeon (4/15) Zot: 1272
 Temple: D:4-7

Altars:
Kikubaaqudgha
Okawaru
Sif Muna
Trog
Xom


Innate Abilities, Weirdness & Mutations

You are something dangerously unstable.
You glow with magical radiation, making you easy to see and hit.
Foes you strike become dangerously contaminated with magical radiation.
Your maximum health is decreased, since you lack skill for your form.
You are incapable of wielding weapons or throwing items.
You passively map a small area around you.
You are easily found by Zot.
You glow in the dark.
You regain HP and MP as you explore.


Message History

A rat comes into view.
You hit the rat.
You kill the rat!
A worm comes into view.
A rat, 2 worms and an adder come into view.
The adder hisses angrily.
The adder bites you.
* * * LOW HITPOINT WARNING * * *
A river rat comes into view.
The adder completely misses you. The adder attacks as it pursues you!
The adder misses you. The adder bites you.
* * * LOW HITPOINT WARNING * * *
The adder bites you but does no damage. The adder attacks as it pursues you!
The adder bites you but does no damage. x2
The adder attacks as it pursues you! The adder bites you.
* * * LOW HITPOINT WARNING * * *
The adder completely misses you. The adder bites you but does no damage.
The adder bites you but does no damage. The adder barely misses you.
The adder closely misses you. The adder barely misses you.
The adder attacks as it pursues you! The adder bites you.
* * * LOW HITPOINT WARNING * * *
You are poisoned.
The adder poisons you! The adder barely misses you.
The adder bites you but does no damage.
You feel very sick. The adder attacks as it pursues you!
The adder barely misses you. The adder bites you but does no damage.
You feel sick. The adder attacks as it pursues you! The adder bites you.
* * * LOW HITPOINT WARNING * * *
The adder bites you but does no damage.
You feel sick. The adder closely misses you.
You feel sick.
You feel sick.
You are no longer poisoned.
The adder attacks as it pursues you! The adder bites you but does no damage.
You hit the adder.
The adder begins to glow.
The adder is heavily wounded.
The adder bites you.
You die...

* ##############
*, * *
#....<........ , *
########...#### *
~ ~r#~~~#.†.###
### #r#~#~#†....#
*
#~~~~#~#r#~#~..#.#
#ww~w~#~~~r...#
#####~#~#~..#S# *
~~~~#~~~..#p# ~
###~#...#.# *
#~~~..#.# *, * *
#~~...#.# , **
#........, , ,, ,
###.###.# , #.# *
* #.# *


You could see an adder (contam).

Vanquished Creatures
  Crazy Yiuf (D:3)
  A river rat (D:4)
  3 adders
  2 worms
  2 dart slugs
  An orc (D:3)
  7 ball pythons
  2 bats (D:1)
  4 endoplasms
  2 giant cockroaches
  2 goblins
  5 hobgoblins
  4 kobolds
  3 quokkas
  3 frilled lizards
  4 rats
46 creatures vanquished.

Notes
Turn   | Place    | Note
-------+----------+-------------------------------------------
     0 | D:1      | lunkers the Meteoran Shapeshifter began the quest for the
                  | Orb.
     0 | D:1      | Reached XP level 1. HP: 16/16 MP: 2/2
    81 | D:1      | Reached skill level 4 in Unarmed Combat
    81 | D:1      | Reached XP level 2. HP: 13/23 MP: 3/3
   358 | D:1      | Reached XP level 3. HP: 28/28 MP: 4/4
   505 | D:1      | Glimpsed the power of Zot.
   611 | D:2      | Reached XP level 4. HP: 27/35 MP: 5/5
   655 | D:2      | Found a shimmering altar of Xom.
   706 | D:3      | Found a runed translucent door.
   707 | D:3      | Noticed Crazy Yiuf
   728 | D:3      | Reached skill level 5 in Unarmed Combat
   746 | D:3      | Killed Crazy Yiuf
   828 | D:3      | Reached XP level 5. HP: 29/40 MP: 6/6
   837 | D:3      | Found an ancient bone altar of Kikubaaqudgha.
   839 | D:3      | Found a shimmering blue altar of Sif Muna.
   860 | D:3      | Found a bloodstained altar of Trog.
   918 | D:3      | Found a faded altar of an unknown god.
   922 | D:3      | Found an iron altar of Okawaru.
  1129 | D:4      | Slain by an adder

Illustrated notes

Levels and vault maps discovered:
D:1:      ebering_trefoil_3fold, layout_rooms, minmay_misc_feat_doors
D:2:      layout_rooms, basic_altar, nicolae_eternal_life
D:3:      layout_basic, riverfiend_overflow_shadow_ancestor,
          nicolae_overflow_ecumenical_swirl, grunt_temple_overflow_open,
          uniq_crazy_yiuf_cottage
D:4:      layout_loops_ring, mainiacjoe_overflow_alcove_1,
          lightli_sewer_entry_pipes

Skill      XL: |  1  2  3  4 |
---------------+-------------+-----
Unarmed Combat | 4 5 |  5.8
Shapeshifting  | 4 |  4.7
Fighting       | |  1.1
Dodging        | |  2.1

Action                     |  1- 3 |  4- 6 || total
---------------------------+-------+-------++-------
  Melee: Unarmed           |    78 |    58 ||   136
         Punch             |     1 |       ||     1
    Use: Scroll            |       |     4 ||     4
         Potion            |       |     1 ||     1
 Armour: Animal skin       |    38 |    47 ||    85
  Dodge: Dodged            |    39 |    42 ||    81
   Form: Flux              |       |     1 ||     1

Table legend: (Time is in decaauts)
 A = Elapsed time spent in this place.
 B = Non-inter-level travel time spent in this place.
 C = Inter-level travel time spent in this place.
 D = Time resting spent in this place.
 E = Time spent auto-exploring this place.
 F = Levels seen in this place.
 G = Mean time per level.
                   A        B        C        D        E       F      G
               +--------+--------+--------+--------+--------+-----+--------+
         Total |   1126 |   1084 |     42 |     34 |    637 |   4 |  281.5 |
       Dungeon |   1126 |   1084 |     42 |     34 |    637 |   4 |  281.5 |
               +--------+--------+--------+--------+--------+-----+--------+

Top non-repeatable levels by time:
     D:1: 501 daAuts
     D:3: 415 daAuts
     D:2: 161 daAuts
     D:4: 48 daAuts
